 Dungeon Crawl Stone Soup version 0.28.0 (webtiles) character file.

Game seed: 15462643733316648612

42 HallandMoats the Ruffian (level 3, -1/36 HPs)
             Began as a Troll Monk on Feb 12, 2022.
             Succumbed to a water moccasin's poison
             ... on level 4 of the Dungeon.
             The game lasted 00:01:04 (838 turns).

HallandMoats the Ruffian (Troll Monk)                Turns: 838, Time: 00:01:04

Health: -1/36      AC:  4    Str: 21    XL:     3   Next: 33%
Magic:  2/2        EV: 10    Int:  6    God:
Gold:   75         SH:  0    Dex: 12    Spells: 2/2 levels left

rFire   . . .      SeeInvis .     - Unarmed
rCold   . . .      Faith    .   (no shield)
rNeg    . . .      Spirit   .   a - +0 robe
rPois   .          Reflect  .   (helmet restricted)
rElec   .          Harm     .   (no cloak)
rCorr   .          Rampage  .   (gloves unavailable)
Will    .....                   (boots unavailable)
Stlth   ++........              (no amulet)
HPRegen 0.92/turn               (no ring)
MPRegen 0.08/turn               (no ring)

@: lethally poisoned (-1 -> -18)
A: large, unfitting armour, claws 3, regeneration 1, shaggy fur 1, tough skin 1
a: no special abilities


You were on level 4 of the Dungeon.
You visited 1 branch of the dungeon, and saw 3 of its levels.

You collected 75 gold pieces.

Inventory:

Armour
 a - a +0 robe (worn)
Scrolls
 c - a scroll of blinking


   Skills:
 * Level 2.8 Fighting
 * Level 2.9 Dodging
 - Level 1.0 Stealth
 * Level 3.4 Unarmed Combat
 + Level 0.6 Invocations


You had 2 spell levels left.
You didn't know any spells.
Your spell library contained the following spells:

 Spells                   Type           Power      Damage    Failure   Level
 Blink                    Tloc           0%         N/A       58%         2
 Manifold Assault         Tloc           0%         N/A       100%        5
 Storm Form               Tmut/Air       0%         N/A       100%        7


Dungeon Overview and Level Annotations

Branches:
Dungeon (2/15)

Altars:


Innate Abilities, Weirdness & Mutations

You are too large for most types of armour.
You have claws for hands.
Your natural rate of healing is unusually fast.
You are covered in fur. (AC +1)
You have tough skin. (AC +1)


Message History

The water moccasin hisses angrily.
An adder comes into view.
You aren't carrying any potions.
As you read the scroll labelled KUEREDA OTOP, it crumbles to dust.
It is a scroll of identify.
c - a scroll of blinking The water moccasin bites you.
You are poisoned.
The water moccasin poisons you!
You miss the water moccasin.
You feel very sick. The water moccasin closely misses you.
You barely miss the water moccasin.
You feel sick. The water moccasin bites you.
You are more poisoned.
The water moccasin poisons you!
You claw the water moccasin! Your claw misses the water moccasin.
The water moccasin is moderately wounded.
You feel very sick. The water moccasin closely misses you.
The water moccasin barely misses you.
You scratch the water moccasin.
The water moccasin is heavily wounded.
You feel very sick. The water moccasin bites you.
You claw the water moccasin!
The water moccasin is almost dead.
* * * LOW HITPOINT WARNING * * *
You feel very sick. The water moccasin bites you.
* * * LOW HITPOINT WARNING * * *
You are lethally poisoned!
The water moccasin poisons you!
You barely miss the water moccasin.
The water moccasin is almost dead.
* * * LOW HITPOINT WARNING * * *
You feel extremely sick.
The water moccasin closely misses you. x2
You completely miss the water moccasin.
The water moccasin is almost dead.
You die...

#...#.##..#.##
..$........?.#
#..#........##
...............#
....#..........#
.... #(........#
...# #.........#
...# #.........####
...###........SS@.#
...............##.#
...............#
...
...............#
####
...............#
..........≈..>##
......#≈♣♣≈P.##
......#≈≈≈≈###
......###PP#


You could see a water moccasin and an adder.

Vanquished Creatures
  An adder (D:4)
  A worm (D:2)
  A dart slug (D:1)
  2 bats (D:1)
  4 endoplasms
  2 giant cockroaches (D:1)
  4 goblins
  A hobgoblin (D:1)
  2 quokkas
  2 ball pythons
  2 frilled lizards (D:1)
  A kobold (D:1)
  2 rats (D:1)
25 creatures vanquished.

Vanquished Creatures (others)
  16 plants (D:4)
16 creatures vanquished.

Grand Total: 41 creatures vanquished

Notes
Turn   | Place    | Note
-------+----------+-------------------------------------------
     0 | D:1      | HallandMoats the Troll Monk began the quest for the Orb.
     0 | D:1      | Reached XP level 1. HP: 22/22 MP: 0/0
   211 | D:1      | Reached XP level 2. HP: 29/29 MP: 1/1
   737 | D:2      | Reached XP level 3. HP: 34/36 MP: 2/2
   751 | D:2      | You fall into a shaft and drop 2 floors!
   824 | D:4      | Noticed a water moccasin
   838 | D:4      | Succumbed to a water moccasin's poison

Illustrated notes

Levels and vault maps discovered:
D:1:      dpeg_arrival_renting, layout_basic, chequers_arboretum
D:2:      layout_rooms, minmay_stone_trees_small
D:4:      layout_rooms, lemuel_round_altar, serial_bayou, serial_bayou_lagoon_b,
          serial_bayou_pond_d, serial_bayou_pond_c, serial_bayou_lake_a,
          serial_bayou_ford_a, solitary_fountain, uniq_blork_the_orc

Action                   || total
-------------------------++-------
Melee: Unarmed           ||    58
       Punch             ||     1
  Use: Scroll            ||     1
 Stab: Sleeping          ||     6
Armor: Robe              ||     9
Dodge: Dodged            ||    26
